 Dungeon Sprint DCSS version 0.14-a0-277-g660d43f (console) character file.

1835 Dalvant the Arsonist (level 8, -3/44 HPs)
             Began as a Deep Elf Fire Elementalist on Oct 17, 2013.
             Rolled over by a boulder beetle (19 damage)
             ... in the Dungeon (Sprint II: "The Violet Keep of Menkaure").
             The game lasted 00:06:11 (729 turns).

Dalvant the Arsonist (Deep Elf Fire Elementalist)    Turns: 729, Time: 00:06:11

HP  -3/44        AC  6     Str  5      XL: 8   Next: 28%
MP  21/27        EV 16     Int 23      God:
Gold 564         SH  0     Dex 15      Spells:  3 memorised, 15 levels left

Res.Fire  : . . .   See Invis. : .   (no weapon)
Res.Cold  : + . .   Warding    : .   h - +2 robe {rC+}
Life Prot.: . . .   Conserve   : .   (no shield)
Res.Poison: .       Res.Corr.  : .   (no helmet)
Res.Elec. : .       Clarity    : .   n - +1 cloak {darkness}
Sust.Abil.: . .     Spirit.Shd : .   (no gloves)
Res.Mut.  : .       Prev.Telep.: +   (no boots)
Res.Rott. : .       Flight     : .   (no amulet)
Saprovore : . . .                    (no ring)
                                     (no ring)

@: somewhat resistant to hostile enchantments, quite stealthy
A: no striking features
a: Evoke Invisibility


You were in the Dungeon.
You were very hungry.

You visited 1 branch You collected 729 gold pieces.
You spent 185 gold pieces at shops.

Inventory:

Armour
 h - a +2 robe of cold resistance (worn)
 j - a +1 dwarven cloak
 n - a +1 cloak of darkness (worn)
Comestibles
 a - 2 chokos
 c - a bread ration
 l - a meat ration
 m - an apple
 o - 5 rotting chunks of hippogriff flesh
Scrolls
 i - a scroll of blinking
Potions
 d - a potion of curing
 e - a potion of heal wounds
 f - a potion of speed
 g - 2 potions of magic
 k - a potion of flight
Books
 b - a book of Flames

   Spells                             Type                      Level
   *Flame Tongue                      Conjuration/Fire             1
   Throw Flame                        Conjuration/Fire             2
   Conjure Flame                      Conjuration/Fire             3
   Inner Flame                        Hexes/Fire                   3
   *Sticky Flame                      Conjuration/Fire             4
   *Fireball                          Conjuration/Fire             5


   Skills:
 - Level 3.0 Fighting
 - Level 6.5 Dodging
 - Level 6.3 Stealth
 + Level 9.4 Spellcasting
 * Level 9.9 Conjurations
 - Level 13.1 Fire Magic


You had 15 spell levels left.
You knew the following spells:

 Your Spells              Type           Power        Failure   Level  Hunger
a - Flame Tongue          Conj/Fire      #####        1%          1    None
b - Fireball              Conj/Fire      ######....   1%          5    ####...
c - Sticky Flame          Conj/Fire      ######..     1%          4    ##.....


Dungeon Overview and Level Annotations

Branches:
Dungeon (1/1)

Altars:

Shops:
D !?+=%%%=?[/++[!(

Annotations:
D exclusions: Roxanne and oklob plant, Roxanne


Message History

Press: ? - help, Shift-Dir - straight line, f/p - boulder beetle
Aim: a boulder beetle (lightly wounded, rolling)
The flame hits the boulder beetle.
The boulder beetle appears unharmed.
The boulder beetle is lightly wounded.
Casting: Flame Tongue
Confirm with . or Enter, or press ? or * to list all spells.
Aiming: Sticky Flame
Press: ? - help, Shift-Dir - straight line, f/p - boulder beetle
Aim: a boulder beetle (lightly wounded, rolling)
The sticky flame hits the boulder beetle.
The boulder beetle appears unharmed.
The boulder beetle is lightly wounded.
The boulder beetle is covered in liquid flames!
The boulder beetle burns!
The boulder beetle smashes into you!
Ouch! That really hurt!
The boulder beetle stops rolling.
The boulder beetle burns!
The boulder beetle curls into a ball and starts rolling!
The boulder beetle smashes into you!
You die...

§ §≈§ 8§§ §§ ≈# §≈
############≈≈# #+++
###########≈≈≈.. ...
##........#≈≈≈≈.##+#
##...⌠....#≈≈≈≈##.####
##..∩.∩...#≈≈≈≈#.##..#
##.∩.∩.∩..#≈≈####...# #
##∩.∩.∩.∩.#≈##.###'## .##
##.∩...∩.∩#≈#@B§##<##.B.#
##∩.....∩.'≈'##.§%<.'#
##.......∩#≈#...##<##$..#
###########≈##.###'## .##
##$DD######≈≈####.#.## #
#?$W#J. ##≈≈≈#.###.#
#∩P!+.J# +#≈##.#.##
#(?.#$## ≈≈##+## #%.$###§
#≈≈≈≈≈≈≈≈≈{≈§ ##+###
#+++#+++#≈§§ §§≈ §§§
§S§§§ §§≈§≈ ≈S≈§§≈≈ #+#


You could see a boulder beetle (burning).

Vanquished Creatures
  A boulder beetle (D)
  2 hippogriffs (D)
  Menkaure (D)
  4 necrophages (D)
  4 brain worms (D)
12 creatures vanquished.

Notes
Turn   | Place    | Note
--------------------------------------------------------------
     0 | D        | Dalvant, the Deep Elf Fire Elementalist, began the quest for the Orb.
     0 | D        | Reached XP level 1. HP: 10/10 MP: 4/4
     0 | D        | Noticed a hippogriff
     0 | D        | Noticed a hippogriff
     3 | D        | Noticed a necrophage
     3 | D        | Noticed a necrophage
     3 | D        | Noticed a necrophage
     3 | D        | Noticed a necrophage
    16 | D        | Killed a necrophage
    16 | D        | Reached skill level 5 in Dodging
    16 | D        | Reached skill level 8 in Fire Magic
    16 | D        | Reached XP level 2. HP: 15/15 MP: 5/7
    16 | D        | Reached XP level 3. HP: 19/19 MP: 7/10
    16 | D        | Reached XP level 4. HP: 24/24 MP: 9/13
    24 | D        | Killed a necrophage
    24 | D        | Reached skill level 5 in Stealth
    24 | D        | Reached skill level 10 in Fire Magic
    24 | D        | Reached XP level 5. HP: 23/28 MP: 7/16
    28 | D        | Killed a necrophage
    28 | D        | Reached skill level 11 in Fire Magic
    28 | D        | Reached XP level 6. HP: 24/33 MP: 4/19
    35 | D        | Killed a necrophage
    35 | D        | Reached skill level 12 in Fire Magic
   200 | D        | Found Phagala's Magical Wand Boutique.
   200 | D        | Found Stehe's Antique Armour Boutique.
   200 | D        | Found Kief's Book Shop.
   200 | D        | Found Joorov's Distillery.
   207 | D        | Learned a level 5 spell: Fireball
   212 | D        | Learned a level 4 spell: Sticky Flame
   212 | D        | Found Ciblimu's Magic Scroll Shop.
   212 | D        | Found Nouptife's Jewellery Shop.
   212 | D        | Found Xualotas' Book Shop.
   212 | D        | Found Strigroc's Antique Weapon Shop.
   213 | D        | Found Noshifaeff's Food Boutique.
   213 | D        | Found Riall's Food Shop.
   213 | D        | Found Moyrgheaf's Food Shop.
   214 | D        | Found Qekio's Antique Armour Boutique.
   215 | D        | Found Larphyost's Jewellery Boutique.
   215 | D        | Found Shoc's Magic Scroll Shop.
   215 | D        | Noticed Menkaure
   216 | D        | Found Bias' Distillery.
   223 | D        | Noticed an oklob plant
   229 | D        | Killed Menkaure
   229 | D        | Reached skill level 5 in Spellcasting
   229 | D        | Reached skill level 5 in Conjurations
   229 | D        | Reached XP level 7. HP: 38/38 MP: 17/22
   236 | D        | Found Faifaoha's Book Shoppe.
   238 | D        | Bought a glowing robe for 16 gold pieces
   238 | D        | Bought an embroidered dwarven cloak for 27 gold pieces
   247 | D        | Noticed a wyvern
   247 | D        | Noticed a wyvern
   249 | D        | Noticed a giant amoeba
   250 | D        | Noticed a giant amoeba
   252 | D        | Noticed a giant amoeba
   254 | D        | Bought a choko for 5 gold pieces
   270 | D        | Bought a potion of flight for 33 gold pieces
   275 | D        | Bought a meat ration for 40 gold pieces
   275 | D        | Bought a choko for 4 gold pieces
   275 | D        | Bought an apple for 8 gold pieces
   278 | D        | Bought an embroidered cloak for 19 gold pieces
   291 | D        | Bought a scroll of remove curse for 33 gold pieces
   329 | D        | Killed a hippogriff
   329 | D        | Reached skill level 13 in Fire Magic
   375 | D        | Killed a hippogriff
   382 | D        | Noticed a lava snake
   382 | D        | Noticed a lava snake
   460 | D        | Noticed a boulder beetle
   460 | D        | Noticed a boulder beetle
   463 | D        | Noticed a brain worm
   463 | D        | Noticed a brain worm
   463 | D        | Noticed a brain worm
   463 | D        | Noticed a brain worm
   468 | D        | Killed a brain worm
   471 | D        | Killed a brain worm
   528 | D        | Killed a brain worm
   528 | D        | Reached XP level 8. HP: 44/44 MP: 19/26
   531 | D        | Killed a brain worm
   598 | D        | Noticed Roxanne
   634 | D        | Killed a boulder beetle
   729 | D        | Rolled over by a boulder beetle

Action                   |  1- 3 |  4- 6 |  7- 9 || total
-------------------------+-------+-------+-------++-------
Melee: Unarmed           |    11 |     5 |       ||    16
 Cast: Flame Tongue      |     1 |    13 |    22 ||    36
       Sticky Flame      |       |     1 |     8 ||     9
       Fireball          |       |       |     2 ||     2
  Use: Potion            |     1 |       |       ||     1
       Scroll            |       |       |     1 ||     1
